 Dungeon Crawl Stone Soup version 0.27.1-35-g4d5d836560 (webtiles) character file.

Game seed: 1909768731296175016

174 Delamore the Covert (level 5, -1/34 HPs)
             Began as an Octopode Brigand on Mar 18, 2022.
             Slain by Grinder (9 damage)
             ... on level 3 of the Dungeon.
             The game lasted 00:01:40 (1546 turns).

Delamore the Covert (Octopode Brigand)              Turns: 1546, Time: 00:01:40

Health: -1/34      AC:  1    Str: 10    XL:     5   Next: 54%
Magic:  0/5        EV: 12    Int: 19    God:
Gold:   68         SH:  0    Dex: 15    Spells: 4/4 levels left

rFire    . . .     SeeInvis .   k - +1 dagger (speed)
rCold    . . .     Faith    .   (no shield)
rNeg     . . .     Spirit   +   (helmet restricted)
rPois    .         Reflect  .   h - amulet of guardian spirit
rElec    .         Harm     .   j - +6 ring of intelligence
rCorr    .         Rampage  .   (no ring)
Will     .....                  (no ring)
Stlth    +++++.....             (no ring)
HPRegen  0.11/turn              (no ring)
MPRegen  0.09/turn              (no ring)
                                (no ring)
                                (no ring)

@: no status effects
A: almost no armour, amphibious, 8 rings, camouflage 1, gelatinous body 1,
(nimble swimmer 1), tentacles
a: no special abilities


You were on level 3 of the Dungeon.
You visited 1 branch of the dungeon, and saw 3 of its levels.

You collected 68 gold pieces.

Inventory:

Hand Weapons
 a - a +2 dagger
 k - a +1 dagger of speed (weapon)
Missiles
 b - 8 poisoned darts (quivered)
 c - 2 curare-tipped darts
Jewellery
 h - an amulet of guardian spirit (around mantle)
 j - a +6 ring of intelligence (left tentacle)
Scrolls
 e - a scroll of amnesia
 f - a scroll of vulnerability
 m - a scroll of torment
Potions
 i - a potion of degeneration {unknown}
 l - a potion of flight {unknown}


   Skills:
 - Level 2.0 Fighting
 + Level 3.5 Short Blades
 - Level 2.0 Throwing
 - Level 1.0 Dodging
 * Level 8.2 Stealth


You had 4 spell levels left.
You didn't know any spells.
Your spell library contained the following spells:

 Spells                   Type           Power      Damage    Failure   Level
 Pain                     Necr           0%         1d4       21%         1
 Agony                    Necr           0%         N/A       99%         5
 Excruciating Wounds      Necr           0%         N/A       99%         5


Dungeon Overview and Level Annotations

Branches:
Dungeon (3/15)

Altars:
Sif Muna

Annotations:
D:3 Grinder


Innate Abilities, Weirdness & Mutations

You cannot wear most types of armour.
You are amphibious.
You can wear up to eight rings at the same time.
Your skin changes colour to match your surroundings (Stealth+).
Your rubbery body absorbs attacks. (AC +1, EV +1)
((You are camouflaged near water. (Stealth+)))
You have tentacles for arms and can constrict up to eight enemies at once.


Message History

* * * LOW HITPOINT WARNING * * *
You are too injured to fight recklessly!
You are too injured to fight recklessly!
You are too injured to fight recklessly!
You are too injured to fight recklessly!
Okay, then.
You hit Grinder. Your grab misses Grinder.
You squeeze Grinder, but do no damage.
Grinder is lightly wounded.
Grinder hits you.
* * * LOW HITPOINT WARNING * * *
You writhe in agony.
* * * LOW HITPOINT WARNING * * *
It was a potion of curing.
You feel better.
Grinder zaps a wand.
The puff of flame misses you.
You barely miss Grinder. Your grab misses Grinder.
Grinder is lightly wounded.
The kobold throws a poisoned dart.
The poisoned dart barely misses you.
You closely miss Grinder. You grab Grinder.
Grinder is lightly wounded.
You constrict Grinder, but do no damage.
Grinder barely misses you.
You hit Grinder but do no damage. Your squeeze misses Grinder.
Grinder is lightly wounded.
You constrict Grinder. You hit Grinder. You squeeze Grinder.
Grinder is moderately wounded.
You constrict Grinder, but do no damage.
Grinder zaps a wand.
The puff of flame misses you.
You hit Grinder but do no damage.
Grinder is moderately wounded.
You constrict Grinder. The kobold hits you with a +0 dagger. Grinder hits you!
* * * LOW HITPOINT WARNING * * *
You hit Grinder.
Grinder is moderately wounded.
You constrict Grinder.
You feel better.
You constrict Grinder. The kobold hits you with a +0 dagger.
* * * LOW HITPOINT WARNING * * *
Grinder hits you!
You die...

#.....<......#
#........##..# ###
#........###.# ###...
#...#...####.##....##
#.....###............
#...### #........####
#...# ##........#
#..<# #.........#
#...# #....@....#
##### #...5)K......
#.........##..
#.....8...# .
##........#
.......$.#
#.........#
#..........


You could see Grinder and a kobold.

Vanquished Creatures
  A phantom (D:2)
  Crazy Yiuf (D:2)
  A hound skeleton (D:3)
  An adder (D:2)
  A worm (D:2)
  A dart slug (D:2)
  2 bats
  5 endoplasms
  A giant cockroach (D:2)
  6 goblins
  6 hobgoblins
  3 jackals (D:2)
  3 ball pythons
  A ball python skeleton (D:3)
  6 frilled lizards
  5 rats
44 creatures vanquished.

Notes
Turn   | Place    | Note
-------+----------+-------------------------------------------
     0 | D:1      | Delamore the Octopode Brigand began the quest for the Orb.
     0 | D:1      | Reached XP level 1. HP: 14/14 MP: 1/1
    67 | D:1      | Found a faded altar of an unknown god.
   120 | D:1      | Reached XP level 2. HP: 15/19 MP: 2/2
   545 | D:1      | Reached skill level 6 in Stealth
   782 | D:1      | You fall into a shaft and drop 1 floor!
   932 | D:2      | Reached XP level 3. HP: 24/24 MP: 3/3
  1032 | D:2      | Found a shimmering blue altar of Sif Muna.
  1049 | D:2      | Noticed a phantom
  1053 | D:2      | Killed a phantom
  1054 | D:2      | Reached skill level 7 in Stealth
  1054 | D:2      | Reached XP level 4. HP: 29/29 MP: 4/4
  1105 | D:2      | Reached XP level 5. HP: 34/34 MP: 5/5
  1299 | D:2      | Found a runed translucent door.
  1300 | D:2      | Noticed Crazy Yiuf
  1458 | D:2      | Killed Crazy Yiuf
  1459 | D:2      | Reached skill level 8 in Stealth
  1526 | D:3      | Noticed Grinder
  1546 | D:3      | Slain by Grinder

Illustrated notes

Levels and vault maps discovered:
D:1:      minmay_arrival_four_houses, layout_loops_ring,
          shapermc_ecumenical_altar_ellora, st_stairs_9
D:2:      layout_basic, basic_altar, uniq_crazy_yiuf_cottage
D:3:      layout_rooms, serial_undead, serial_undead_d, serial_undead_e,
          serial_undead_f, serial_undead_e, serial_undead_e, serial_undead_b,
          serial_undead_e, serial_undead_d, minmay_bisected, uniq_grinder

Skill      XL: |  1  2  3  4  5 |
---------------+----------------+-----
Stealth        | 6 7 8 |  8.2
Short Blades   | 3 |  3.5
Fighting       | |  2.0
Throwing       | |  2.0
Dodging        | |  1.0

Action                   |  1- 3 |  4- 6 || total
-------------------------+-------+-------++-------
Melee: Dagger            |    39 |    43 ||    82
       Tentacles         |     9 |     5 ||    14
       Constrict         |     7 |     8 ||    15
  Use: Scroll            |     2 |     1 ||     3
       Potion            |       |     2 ||     2
 Stab: Sleeping          |    11 |    10 ||    21
Armor: Skin              |       |     2 ||     2
Dodge: Dodged            |     5 |    17 ||    22
